cohdb
Replays
Latest Replays
All Replays
Popular Replays
Top Player Replays
Match Explorer
How It Works
Community
CoH3 Stats
Reddit
Sign in to upload your games and track your stats! →
Sign in with Steam
Match 45635308
Unlisted
Match 45635308
Overview
Messages
Build Orders
End
Construct Barracks
Scout Squad
Riflemen Squad
Riflemen Squad
Riflemen Squad
Construct Medical Station
Infantry Support Center
Grenade Package
Selects Advanced Infantry Battlegroup
Selects Convert to Ranger Squad
Convert to Ranger Squad
Construct Motor Pool
Selects Artillery Observers
Advanced Logistics
Convert to Ranger Squad
M8 Greyhound Armored Car
Selects Designate Assault Position
M8 Greyhound Armored Car
Artillery Observer Squad
ropicophop
RC40D
カルト_くん
Starman
0
0
Comments
sign in to comment!
No comments posted yet!